 Dungeon Crawl Stone Soup version 0.32-a0-799-g95e1662365 (webtiles) character file.

Game seed: 8196364430640605266

26 smashvw the Insei (level 3, 0/28 HPs)
             Began as a Gnoll Shapeshifter on Mar 22, 2024.
             Slain by an orc priest
             ... wielding a +0 flail
              (4 damage)
             ... on level 2 of the Dungeon.
             The game lasted 00:01:28 (1044 turns).

smashvw the Insei (Gnoll Shapeshifter)              Turns: 1044, Time: 00:01:29

Health: 0/28       AC:  2    Str: 13    XL:     3   Next: 8%
Magic:  3/3        EV: 12    Int:  9    God:
Gold:   38         SH:  0    Dex: 13    Spells: 3/3 levels left

rFire   . . .        k - +0 long sword
rCold   . . .        (no shield)
rNeg    . . .        a - +0 animal skin
rPois   .            (helmet currently unavailable)
rElec   .            (cloak currently unavailable)
rCorr   .            (gloves currently unavailable)
SInv    .            (boots currently unavailable)
Will    .....        (no amulet)
Stlth   +            (no ring)
HPRegen 0.24/turn    (no ring)
MPRegen 0.08/turn

%: no passive effects
@: beast-form
A: beast (slay +3), fangs 1, strong nose, distributed training
a: Begin Untransformation, Convert to Beogh


You were on level 2 of the Dungeon.
You were a hulking beast.
You visited 1 branch of the dungeon, and saw 2 of its levels.

You collected 38 gold pieces.

Inventory:

Hand Weapons
 k - a +0 long sword (weapon)
Missiles
 e - 11 stones (quivered)
 f - 3 poisoned darts
 i - 5 boomerangs
Armour
 a - a +0 animal skin (worn)
Talismans
 c - a beast talisman (active)
 d - a flux talisman
Scrolls
 l - a scroll of identify {unknown}
Potions
 b - a potion of lignification
 g - a potion of curing {unknown}
 h - a potion of berserk rage {unknown}
 j - a potion of heal wounds {unknown}


   Skills:
 + Level 2.5 Fighting
 + Level 0.6 Short Blades
 + Level 0.6 Long Blades
 + Level 0.6 Axes
 + Level 0.6 Maces & Flails
 + Level 0.6 Polearms
 + Level 0.6 Staves
 + Level 0.6 Ranged Weapons
 + Level 0.6 Throwing
 + Level 0.6 Armour
 + Level 4.5 Dodging
 + Level 0.6 Stealth
 + Level 0.6 Shields
 + Level 6.5 Unarmed Combat
 + Level 0.6 Spellcasting
 + Level 0.4 Conjurations
 + Level 0.4 Hexes
 + Level 0.4 Summonings
 + Level 0.4 Necromancy
 + Level 0.4 Translocations
 + Level 0.4 Fire Magic
 + Level 0.4 Ice Magic
 + Level 0.4 Air Magic
 + Level 0.4 Earth Magic
 + Level 0.4 Alchemy
 + Level 0.8 Invocations
 + Level 0.6 Evocations
 + Level 6.5 Shapeshifting


You had 3 spell levels left.
You didn't know any spells.
Your spell library was empty.

Dungeon Overview and Level Annotations

Branches:
Dungeon (2/15)

Altars:


Innate Abilities, Weirdness & Mutations

You are a hulking beast.
Your limbs bulge with bestial killing power. (Slay +3)
You have very sharp teeth.
Your uncanny sense of smell can sniff out nearby items.
Your experience applies equally to all skills.


Message History

An orc comes into view. It is wielding a +0 dagger.
The orc shouts!
An orc is nearby!
An orc and an orc priest come into view.
The orc shouts!
The orc priest shouts!
The orc hits you with a +0 dagger.
You barely miss the orc. The orc hits you with a +0 dagger.
You hit the orc.
The orc is almost dead.
The orc closely misses you. The orc hits you but does no damage.
You closely miss the orc.
The orc is almost dead.
The orc hits you with a +0 dagger. The orc closely misses you.
You hit the orc but do no damage. You bite the orc, but do no damage.
The orc is almost dead.
The orc hits you with a +0 dagger. The orc hits you but does no damage.
You hit the orc.
You kill the orc!
The orc priest misses you. The orc hits you with a +0 dagger.
The orc barely misses you. The orc priest closely misses you.
The orc priest shouts, "Surrender to Beogh and we'll let you live!" (press Y on the ability menu to convert to Beogh)
You closely miss the orc priest. The orc priest completely misses you.
The orc hits you with a +0 dagger.
You hit the orc priest.
The orc priest shouts, "Beogh offers mercy even to people such as you.
Join us and be reborn!"
The orc priest is lightly wounded.
The orc priest closely misses you. The orc hits you with a +0 dagger.
You barely miss the orc priest.
The orc priest is lightly wounded.
The orc priest closely misses you. The orc barely misses you. x2
The orc priest mumbles some strange prayers to Beogh against you.
Beogh smites you!
* * * LOW HITPOINT WARNING * * *
You are too injured to fight recklessly!
You are too injured to fight recklessly!
You hit the orc priest.
The orc priest is moderately wounded.
The orc priest hits you with a +0 flail.
You die...

.. ...... .. ...[...
##.###....#
+..#......#
##.#.#....+
#.........##
#######..........####
......<#<...........
##.##..#..#.h)....#
#.........#oßo..ß.#
#..##..#..#.......#
#.....#.......#
#.........#.......#
#####..#..#.ß...ß.#
#..#..#.......#
......##.....##
##.#...# ∆


You could see an orc priest and an orc.

Vanquished Creatures
  An orc (D:2)
  A ball python (D:1)
  4 giant cockroaches
  A goblin (D:1)
  2 hobgoblins (D:1)
  4 jackals (D:1)
  2 kobolds (D:1)
  A quokka (D:1)
  2 bats (D:1)
  3 rats (D:1)
21 creatures vanquished.

Notes
Turn   | Place    | Note
-------+----------+-------------------------------------------
     0 | D:1      | smashvw the Gnoll Shapeshifter began the quest for the Orb.
     0 | D:1      | Reached XP level 1. HP: 17/17 MP: 1/1
   112 | D:1      | Reached XP level 2. HP: 23/23 MP: 2/2
  1028 | D:2      | Reached XP level 3. HP: 28/28 MP: 3/3
  1044 | D:2      | Slain by an orc priest

Illustrated notes

Levels and vault maps discovered:
D:1:      dpeg_arrival_prison, layout_loops_corners
D:2:      cheibrodos_pilgrimage, layout_basic,
          hellmonk_ecumenical_altar_crossroads

Action                     || total
---------------------------++-------
  Melee: Unarmed           ||     9
         Bite              ||     4
         Long sword        ||    41
   Stab: Sleeping          ||     1
 Armour: Animal skin       ||    33
  Dodge: Dodged            ||    42

Table legend: (Time is in decaauts)
 A = Elapsed time spent in this place.
 B = Non-inter-level travel time spent in this place.
 C = Inter-level travel time spent in this place.
 D = Time resting spent in this place.
 E = Time spent auto-exploring this place.
 F = Levels seen in this place.
 G = Mean time per level.
                   A        B        C        D        E       F      G
               +--------+--------+--------+--------+--------+-----+--------+
         Total |   1056 |   1020 |     36 |      0 |    882 |   2 |  528.0 |
       Dungeon |   1056 |   1020 |     36 |      0 |    882 |   2 |  528.0 |
               +--------+--------+--------+--------+--------+-----+--------+

Top non-repeatable levels by time:
     D:1: 1031 daAuts
     D:2: 25 daAuts
